 Dungeon Crawl Stone Soup version 0.16.1-11-g651b585 (webtiles) character file.

1084 karlm the Skirmisher (level 8, -1/53 HPs)
             Began as a Gargoyle Fighter on Apr 5, 2015.
             Incinerated by giann's ghost (7 damage)
             ... with a sticky flame
             ... on level 5 of the Dungeon.
             The game lasted 00:07:53 (3873 turns).

karlm the Skirmisher (Gargoyle Fighter)             Turns: 3873, Time: 00:07:54

Health: -1/53      AC: 15    Str: 25    XL:     8   Next: 30%
Magic:  8/8        EV:  6    Int: 10    God:
Gold:   237        SH: 15    Dex: 10    Spells: 0 memorised, 7 levels left

rFire  . . .     SeeInvis .     z - +3 morningstar
rCold  + . .     Clarity  .     b - +0 scale mail
rNeg   + + .     SustAb   .     F - +0 large shield
rPois  ∞         Gourm    .     (no helmet)
rElec  +         Spirit   .     x - +0 cloak
rCorr  .         Warding  .     p - +0 pair of gloves (curse)
rMut   .         Stasis   .     (no boots)
MR     .....                    (no amulet)
Stlth  ..........               E - +6 ring of intelligence
                                c - ring "Twuliggu" {rC+ rN+ Str+4 Int-5}

@: liquid flames, glowing, not resistant to hostile enchantments, extremely
unstealthy
A: negative energy resistance 1, electricity resistance, unbreathing,
petrification resistance, rot immunity, AC +5
a: no special abilities


You were on level 5 of the Dungeon.
You were not hungry.

You visited 1 branch of the dungeon, and saw 5 of its levels.

You collected 237 gold pieces.

Inventory:

Hand weapons
 z - a +3 morningstar (weapon)
 B - a +0 blowgun
Missiles
 i - 112 stones (quivered)
 A - 8 curare-tipped needles
Armour
 b - a +0 scale mail (worn)
 p - a cursed +0 pair of gloves (worn)
 x - a +0 cloak (worn)
 F - a +0 large shield (worn)
Jewellery
 c - the ring "Twuliggu" (left hand) {rC+ rN+ Str+4 Int-5}
   (You found it on level 4 of the Dungeon)

   [ring of strength]

   It affects your strength (+4).
   It affects your intelligence (-5).
   It protects you from cold.
   It protects you from negative energy.
 l - an uncursed ring of fire
 n - an uncursed amulet of stasis
 E - a +6 ring of intelligence (right hand)
Scrolls
 j - 4 scrolls of teleportation {unknown}
 k - 6 scrolls of identify {unknown}
 o - 2 scrolls of amnesia {unknown}
 r - a scroll of blinking {unknown}
 s - 2 scrolls of enchant weapon {unknown}
 t - a scroll of random uselessness {unknown}
 v - a scroll of recharging {unknown}
 w - 2 scrolls of fear {unknown}
 C - 5 scrolls of remove curse {unknown}
 D - a scroll of magic mapping {unknown}
Potions
 a - a potion of berserk rage {unknown}
 e - a potion of might
 f - 4 potions of curing {unknown}
 g - 2 potions of heal wounds {unknown}
 h - 3 potions of agility {unknown}
 m - 3 potions of resistance {unknown}
 q - a potion of cancellation {unknown}
 H - a potion of magic {unknown}
 J - a potion of ambrosia {unknown}
Books
 y - a book of Control

   Spells                             Type                      Level
   a - Control Teleport               Charms/Translocation         4
   b - Control Undead                 Necromancy                   4
   c - Enslavement                    Hexes                        4
   d - Metabolic Englaciation         Hexes/Ice                    5
   e - Mass Confusion                 Hexes                        6
Comestibles
 d - 4 bread rations
 u - 2 meat rations
 G - a beef jerky
 I - a slice of pizza
 K - 2 chunks of flesh


   Skills:
 * Level 7.0 Fighting
 * Level 5.5 Maces & Flails
 + Level 5.4 Armour
 + Level 5.3 Shields


You had 7 spell levels left.
You didn't know any spells.

Dungeon Overview and Level Annotations

Branches:
Dungeon (5/15)             Temple (0/1) D:4

Altars:
Dithmenos
Gozag
Makhleb
Ru

Shops:
D:5 %

Annotations:
D:5 giann's ghost, experienced DEFE


Innate Abilities, Weirdness & Mutations

You are resistant to torment.
You are immune to poison.
Your stone body is very resilient (AC +5).
You resist negative energy.
You are resistant to electric shocks.
You can survive without breathing.
You are immune to petrification.
You are immune to rotting.


Message History

You are covered in liquid flames!
Giann's ghost grins evilly.
Giann's ghost sprays you with burning goo.
The sticky flame hits you!
You are covered in liquid flames!
Press: ? - help, v - describe, . - travel
Here: giann's ghost (lightly damaged)
The floor.
Sorry, you're not good enough to have a special ability.
Sorry, you're not good enough to have a special ability.
You are covered in liquid flames!
You are covered in liquid flames!
* * * LOW HITPOINT WARNING * * *
Giann's ghost casts a spell at you. The puff of flame hits you!
* * * LOW HITPOINT WARNING * * *
You are covered in liquid flames!
* * * LOW HITPOINT WARNING * * *
You are covered in liquid flames!
You die...

##.>........## #.##
#######...## #.# ##..#
#.# #..# ##.# #..##
##..# #...####...#
#.........## ##.......##
#@.....## ##.....#
##.....###
#########W.....÷.####
#...................#
....###.....#######....#
####### ... .


There were no monsters in sight!

Vanquished Creatures
  Menkaure (D:4)
  An ogre (D:4)
  Sigmund (D:2)
  A centaur (D:5)
  2 scorpions
  A crimson imp (D:4)
  2 hounds
  3 iron imps (D:4)
  An orc priest (D:3)
  A giant frog skeleton (D:4)
  5 worker ants
  An iguana (D:4)
  An orc wizard (D:3)
  6 gnolls (D:4)
  6 adders
  3 giant mites
  4 worms
  An adder skeleton (D:4)
  6 orcs
  A bat skeleton (D:4)
  3 giant cockroaches
  13 goblins
  10 hobgoblins
  12 jackals
  6 kobolds
  2 quokkas
  4 ball pythons
  5 bats
  5 giant newts
  A quokka skeleton (D:5)
  11 rats
120 creatures vanquished.

Notes
Turn   | Place    | Note
--------------------------------------------------------------
     0 | D:1      | karlm, the Gargoyle Fighter, began the quest for the Orb.
     0 | D:1      | Reached XP level 1. HP: 14/14 MP: 1/1
    68 | D:1      | Reached XP level 2. HP: 17/19 MP: 2/2
   344 | D:1      | Reached XP level 3. HP: 19/24 MP: 3/3
   702 | D:2      | Noticed Sigmund
   724 | D:2      | Killed Sigmund
   724 | D:2      | Reached skill level 4 in Fighting
   724 | D:2      | Reached XP level 4. HP: 16/30 MP: 4/4
   814 | D:2      | Reached XP level 5. HP: 26/34 MP: 5/5
  1088 | D:2      | Found a sacrificial altar of Ru.
  1250 | D:3      | Found an opulent altar of Gozag.
  1593 | D:3      | Reached XP level 6. HP: 38/40 MP: 6/6
  1666 | D:3      | Reached skill level 5 in Fighting
  1779 | D:3      | Found a shadowy altar of Dithmenos.
  2450 | D:4      | Noticed Menkaure
  2463 | D:4      | HP: 2/40 [Menkaure (2)]
  2464 | D:4      | Killed Menkaure
  2732 | D:4      | Reached XP level 7. HP: 25/44 MP: 7/7
  3121 | D:4      | Reached skill level 6 in Fighting
  3145 | D:4      | Reached skill level 5 in Armour
  3145 | D:4      | Reached skill level 5 in Shields
  3197 | D:4      | Reached skill level 5 in Maces & Flails
  3277 | D:4      | Found a burning altar of Makhleb.
  3289 | D:4      | Reached XP level 8. HP: 47/52 MP: 8/8
  3342 | D:4      | Got a faintly glowing brass ring
  3492 | D:4      | Found a staircase to the Ecumenical Temple.
  3549 | D:5      | Entered Level 5 of the Dungeon
  3582 | D:5      | Found Moak's Food Emporium.
  3844 | D:5      | Reached skill level 7 in Fighting
  3845 | D:5      | Identified the ring "Twuliggu" {rC+ rN+ Str+4 Int-5} (You found it on level 4 of the Dungeon)
  3854 | D:5      | Noticed giann's ghost (experienced DEFE)
  3873 | D:5      | Incinerated by giann's ghost

Action                   |  1- 3 |  4- 6 |  7- 9 || total
-------------------------+-------+-------+-------++-------
Melee: Flail             |   103 |   186 |       ||   289
       Morningstar       |       |    37 |   115 ||   152
Throw: Throwing net      |       |       |     1 ||     1
  Eat: Chunk             |       |     6 |     4 ||    10
